 Dungeon Crawl Stone Soup version 0.30.0-15-g856e2d3f33 (webtiles) character file.

Game seed: 8487352379810435729

69 qw the Chopper (level 4, -10/28 HPs)
             Began as a Gargoyle Fighter on May 19, 2023.
             Mangled by an ogre
             ... wielding a +0 giant club
              (17 damage)
             ... on level 6 of the Dungeon.
             The game lasted 00:00:48 (1884 turns).

qw the Chopper (Gargoyle Fighter)                   Turns: 1884, Time: 00:00:49

Health: -10/28     AC: 10    Str: 21    XL:     4   Next: 20%
Magic:  4/4        EV:  9    Int:  9    God:
Gold:   44         SH:  4    Dex:  9    Spells: 3/3 levels left

rFire   . . .        Y - +1 war axe
rCold   . . .        c - +0 buckler
rNeg    + + .        b - +0 scale mail
rPois   inf          (no helmet)
rElec   +            (no cloak)
rCorr   .            (no gloves)
SInv    .            (no boots)
Will    .....        (no amulet) Stlth
                     j - ring of positive energy
HPRegen 0.24/turn    (no ring)
MPRegen 0.09/turn

%: no passive effects
@: no status effects
A: sickness immunity, AC +3, negative energy resistance 1, electricity
resistance, torment resistance 1, petrification resistance
a: no special abilities


You were on level 6 of the Dungeon.
You visited 1 branch of the dungeon, and saw 4 of its levels.

You collected 64 gold pieces.
You spent 20 gold pieces at shops.


Innate Abilities, Weirdness & Mutations

You are immune to sickness and miasma.
Your stone body is resilient. (AC +3)
You are immune to poison.
You resist negative energy. (rN+)
You are resistant to electric shocks. (rElec)
You are resistant to unholy torment.
You are immune to petrification.


   Skills:
 - Level 3.2 Fighting
 + Level 4.0 Axes
 - Level 3.2 Armour
 - Level 3.2 Shields


You had 3 spell levels left.
You didn't know any spells.
Your spell library was empty.

Inventory:

Hand Weapons
 i - a +0 mace of protection
 Y - a +1 war axe (weapon)
Missiles
 g - 5 boomerangs (quivered)
Armour
 b - a +0 scale mail (worn)
 c - a +0 buckler (worn)
Jewellery
 j - a ring of positive energy (left hand)
Scrolls
 e - a scroll of teleportation {unknown}
Potions
 a - a potion of magic {unknown}
 d - a potion of might
 f - a potion of degeneration {unknown}
 h - a potion of lignification {unknown}
 l - a potion of attraction {unknown}

Dungeon Overview and Level Annotations

Branches:
Dungeon (3/15)

Altars:

Shops:
D:2 *


Message History

The adder closely misses you.
You closely miss the adder.
The adder is almost dead.
The adder bites you but does no damage. You block the adder's attack.
You miss the adder.
The adder is almost dead.
The adder bites you but does no damage. You block the adder's attack.
You barely miss the adder.
The adder is almost dead.
The adder bites you but does no damage.
You slash the adder!
You kill the adder!
Your Axes skill increases to level 4!
There is an open door, spattered with blood here.
g - 6 boomerangs
Found a scroll of vulnerability and 8 stones.
You open the door.
Found a stone staircase leading down.
There is an open door here.
An ogre comes into view. It is wielding a +0 giant club.
The ogre shouts!
You throw a boomerang. The boomerang barely misses the ogre.
You hit the ogre.
The ogre is lightly wounded.
The ogre hits you with a +0 giant club!!
Ouch! That really hurt!
You barely miss the ogre.
The ogre is lightly wounded.
The ogre barely misses you.
You barely miss the ogre.
The ogre is lightly wounded.
The ogre barely misses you.
You barely miss the ogre.
The ogre is lightly wounded.
You block the ogre's attack.
You hit the ogre but do no damage.
The ogre is lightly wounded.
The ogre hits you with a +0 giant club!
Ouch! That really hurt!
You die...

# # ### ### #.. ~~#
#.#### .~# #.... #
.~# #..# .# .~#
#######..# ..
~~######........##.#
~~~~~~~#.######.@O.#
#~~...~#.### ######
.......'>..#
#~~...~#.###
~~~~~~~#.#
~~######.. .~# ....
.~# ..... .~# ......


You could see an ogre.

Vanquished Creatures
  4 adders
  A worm (D:2)
  2 bats
  An endoplasm (D:1)
  3 giant cockroaches
  4 hobgoblins
  4 jackals (D:1)
  2 kobolds (D:1)
  3 quokkas
  3 frilled lizards
  2 rats
29 creatures vanquished.

Notes
Turn   | Place    | Note
-------+----------+-------------------------------------------
     0 | D:1      | qw the Gargoyle Fighter began the quest for the Orb.
     0 | D:1      | Reached XP level 1. HP: 14/14 MP: 1/1
     0 | D:1      | 0 ||| qw: Version: 0.2-a-96-g8eb1148
     0 | D:1      | 0 ||| qw: Game counter: 31
     0 | D:1      | 0 ||| qw: Always use a shield: true
     0 | D:1      | 0 ||| qw: God list: Okawaru
     0 | D:1      | 0 ||| qw: Allow faded altars: false
     0 | D:1      | 0 ||| qw: Do Orc after D:15 true
     0 | D:1      | 0 ||| qw: Do second Lair branch before Depths: true
     0 | D:1      | 0 ||| qw: Lair rune preference: random
     0 | D:1      | 0 ||| qw: Plans: Normal, Zot:1-4, God:TSO, Crypt, Tomb,
                  | Pan, Slime:5, Hells, Abyss, Win
     0 | D:1      | 0 ||| PLANNING D:1-11
    69 | D:1      | Reached skill level 2 in Axes
   140 | D:1      | 140 ||| Stepping ~*~*~tactically~*~*~ (hiding).
   161 | D:1      | Reached XP level 2. HP: 17/19 MP: 2/2
   707 | D:1      | 707 ||| READING scroll labelled MYAVVO CUPUDGH.
   708 | D:1      | 708 ||| READING scroll labelled JIEDYI SAOGI.
   709 | D:1      | 709 ||| READING scroll labelled FUOXIM DATT.
   710 | D:1      | 710 ||| DRINKING 2 silvery potions.
   711 | D:1      | 711 ||| DROPPING potion of flight.
   794 | D:2      | Reached skill level 3 in Axes
   794 | D:2      | Reached XP level 3. HP: 16/23 MP: 3/3
   828 | D:2      | Found Odaaraus's Assorted Antiques.
   839 | D:2      | 839 ||| BUYING bubbling white potion (20 gold).
   839 | D:2      | Bought a bubbling white potion for 20 gold pieces
   839 | D:2      | 839 ||| SHOPLISTING golden potion (20 gold, have 19).
   839 | D:2      | 839 ||| SHOPLISTING scroll labelled VONKAL DEMADUK (23
                  | gold, have 19).
   839 | D:2      | 839 ||| SHOPLISTING scroll of identify (46 gold, have 19).
  1057 | D:2      | 1057 ||| Stepping ~*~*~tactically~*~*~ (stealth).
  1059 | D:2      | 1059 ||| Stepping ~*~*~tactically~*~*~ (stealth).
  1062 | D:2      | 1062 ||| Stepping ~*~*~tactically~*~*~ (stealth).
  1097 | D:2      | 1097 ||| Stepping ~*~*~tactically~*~*~ (stealth).
  1098 | D:2      | 1098 ||| Stepping ~*~*~tactically~*~*~ (stealth).
  1409 | D:2      | 1409 ||| DROPPING ring of magical power.
  1410 | D:2      | 1410 ||| UPGRADING to ring of positive energy.
  1411 | D:2      | 1411 ||| READING scroll labelled AQODOU WIMAOL.
  1412 | D:2      | 1412 ||| READING scroll labelled VONKAL DEMADUK.
  1413 | D:2      | 1413 ||| READING 3 scrolls labelled INIDIC XASUSK.
  1414 | D:2      | 1414 ||| READING scroll labelled MAOPRY ROIS.
  1415 | D:2      | 1415 ||| READING scroll labelled GEDEASSI GUPOA.
  1516 | D:2      | 1516 ||| READING scroll labelled EFFAIDD KISE.
  1517 | D:2      | 1517 ||| READING scroll labelled RILIQU PUHU.
  1518 | D:2      | 1518 ||| READING scroll labelled XEOGEO REDIP.
  1519 | D:2      | 1519 ||| DROPPING 2 scrolls of noise.
  1537 | D:3      | Found a faded altar of an unknown god.
  1651 | D:3      | Reached XP level 4. HP: 28/28 MP: 4/4
  1819 | D:3      | You fall into a shaft and drop 3 floors!
  1846 | D:6      | Reached skill level 4 in Axes
  1877 | D:6      | Noticed an ogre
  1880 | D:6      | HP: 5/28 [ogre/+0 giant club (23)]
  1884 | D:6      | Mangled by an ogre

Levels and vault maps discovered:
D:1:      mrwooster_arrival_statue_2, layout_basic
D:2:      layout_loops_ring, serial_shops, shop
D:3:      layout_basic, hellmonk_ecumenical_altar_run_dry
D:6:      layout_basic, mainiacjoe_overflow_large_starburst,
          kennysheep_minor_cross, grunt_ministairs_11

Skill      XL: |  1  2  3  4 |
---------------+-------------+-----
Axes           | 2 3 4 |  4.0
Fighting       | |  3.2
Armour         | |  3.2
Shields        | |  3.2

Action                     |  1- 3 |  4- 6 || total
---------------------------+-------+-------++-------
  Melee: War axe           |    86 |    23 ||   109
  Throw: Boomerang         |       |     1 ||     1
    Use: Scroll            |    11 |       ||    11
         Potion            |     1 |       ||     1
 Armour: Scale mail        |    44 |    11 ||    55
  Dodge: Dodged            |    30 |    16 ||    46
  Block: Buckler           |    15 |     5 ||    20

Table legend:
 A = Non-vault XP
 B = Vault XP
 C = Vault XP percentage of total XP
 D = Non-vault monster count
 E = Vault monster count
 F = Vault count percentage of total count
                 A         B        C        D         E       F
            +---------+---------+-------+---------+---------+-------
      Total |      99 |       0 |   0.0 |      29 |       0 |   0.0
            +---------+---------+-------+---------+---------+-------
        D:1 |      21 |       0 |   0.0 |      12 |       0 |   0.0
        D:2 |      55 |       0 |   0.0 |      10 |       0 |   0.0
        D:3 |      10 |       0 |   0.0 |       6 |       0 |   0.0
        D:6 |      13 |       0 |   0.0 |       1 |       0 |   0.0
            +---------+---------+-------+---------+---------+-------
